 Dungeon Sprint DCSS version 0.30-a0-54-g2e61a25929 (webtiles) character file.

Game seed: 7015398550693712229

387 Ankalagon the Martial Artist (level 6, -10/55 HPs)
             Began as a Demonspawn Monk on Sept 8, 2022.
             Was a Believer of Qazlal.
             Shot with a bolt by a yaktaur (21 damage)
             ... in the Dungeon (Sprint II: "The Violet Keep of Menkaure").
             The game lasted 00:02:59 (354 turns).

Ankalagon the Martial Artist (Demonspawn Monk)       Turns: 354, Time: 00:03:00

Health: -10/55     AC:  3    Str: 11    XL:     6   Next: 49%
Magic:  1/8        EV: 15    Int: 12    God:    Qazlal [**....]
Gold:   42         SH:  3    Dex: 17    Spells: 5/5 levels left

rFire   . . .      SeeInvis .      - Unarmed
rCold   . . .      Faith    .    (no shield)
rNeg    + + .      Spirit   .    i - +0 leather armour of the Ant {rPois rN++ Will+ rCorr}
rPois   +          Reflect  .    (helmet restricted)
rElec   .          Harm     .    g - scarf {+Inv}
rCorr   +          Rampage  .    (no gloves)
Will    +....      NoTele   +    (no boots)
Stlth   ++........               (no amulet)
HPRegen 0.18/turn                (no ring)
MPRegen 0.11/turn                (no ring)

@: no status effects
A: antennae 1, demonic guardian 2, demonic touch 1
a: Renounce Religion, Evoke Invisibility, Upheaval


You were in the Dungeon.
You worshipped Qazlal.
Qazlal was pleased with you.
You visited 1 branch You collected 486 gold pieces.
You spent 444 gold pieces at shops.

Inventory:

Armour
 a - a +0 robe
 g - a scarf of invisibility (worn)
 i - the +0 leather armour of the Ant (worn) {rPois rN++ Will+ rCorr}
   (You bought it in a shop in the Dungeon)

   rPois:     It protects you from poison.
   rN:        It greatly protects you from negative energy.
   rCorr:     It protects you from acid and corrosion.
   Will:      It increases your willpower.
Potions
 b - a potion of ambrosia
 c - a potion of curing
 d - a potion of heal wounds
 e - a potion of haste
 f - 2 potions of magic


   Skills:
 + Level 7.3 Fighting
 + Level 6.6 Dodging
 - Level 1.7 Stealth
 + Level 9.6 Unarmed Combat
 + Level 3.8 Invocations


You had 5 spell levels left.
You didn't know any spells.
Your spell library was empty.

Dungeon Overview and Level Annotations

Branches:
Dungeon (1/1)

Altars:
Cheibriados
Dithmenos
Fedhas
Gozag
Hepliaklqana
Kikubaaqudgha
Makhleb
Nemelex Xobeh
Okawaru
Qazlal
Ru
Sif Muna
Trog
Uskayaw
Vehumet
Wu Jian
Xom
Yredelemnul
Jiyva
Lugonu

Shops:
D =::=[[!=:*?[![(

Annotations:
D exclusion: oklob plant


Innate Abilities, Weirdness & Mutations

You have a pair of small antennae on your head.
A demonic guardian rushes to your aid.
Your touch may inflict minor irresistible damage on your foes.


Message History

Your orange demon closely misses the polar bear.
Your orange demon barely misses the polar bear.
The polar bear bites your orange demon.
The polar bear claws your orange demon. x2
Your orange demon stings the polar bear but does no damage.
Your orange demon hits the polar bear but does no damage.
There is an open door, spattered with blood here.
What are your orders? t - Shout!
Orders for allies: a - Attack new target. p - Attack previous target. r - Retreat! s - Stop attacking. g - Guard the area. f - Follow me.
Anything else - Cancel.
Gang up on whom?
Press: ? - help, Dir - move target, f - polar bear, p - polar bear
Aim: a polar bear (heavily wounded, not watching you, ally target) Attack!
The polar bear bites your orange demon!
The polar bear claws your orange demon. x2
Your orange demon stings the polar bear!
Your orange demon hits the polar bear.
The polar bear goes berserk!
Your orange demon stings the polar bear.
Your orange demon hits the polar bear but does no damage.
Aiming: Upheaval
Press: ? - help, Dir - move target, f - yaktaur, p - polar bear
Aim: a yaktaur Magma suddenly erupts from the ground!
The blast of magma engulfs the yaktaur!!
The yaktaur is severely wounded.
The polar bear barely misses your orange demon.
The polar bear claws your orange demon.
The polar bear claws your orange demon but does no damage.
Your orange demon closely misses the polar bear.
Your orange demon hits the polar bear.
The polar bear bites your orange demon!!
Your orange demon dies!
Your orange demon disappears in a puff of smoke!
The polar bear rages.
The yaktaur wields a +0 arbalest.
The yaktaur shoots a bolt.
The bolt hits you!!
You die...

###########~~~...
##∩.......#~~~~.## ##..
##.∩.....∩#~~~~##. .##.#### +
##∩.....∩.#~~~~#.B B. ...#
##.∩.∩.∩.∩#~~### .#$ ###..##
##..∩.∩.∩.#~##.# #+###.##..#
##...∩.∩..#†#†####.##÷..#..# {
##....⌠...'~'##.'.<÷ch##'h.###
##........#~#@..##§##..÷#§.c.#
#▓▓▓▓▓▓▓###~##.###+###.##.....
##[Yh######~~### ###~~....
#)Yh#H ##~~~ #~§~~~~~. #∩PY+.
+#~# #~~~~~~~~ #(.$ $ ~~
#~~~≈≈≈~~~ ~~ ~~~~§§§§≈≈§
+++#~§§§≈§§ ##≈§§###


You could see a yaktaur.

Vanquished Creatures
  2 water moccasins (D)
  4 necrophages (D)
  2 worms (D)
8 creatures vanquished.

Vanquished Creatures (collateral kills)
  A worm (D)
1 creature vanquished.

Vanquished Creatures (others)
  Menkaure (D)
1 creature vanquished.

Grand Total: 10 creatures vanquished

Notes
Turn   | Place    | Note
-------+----------+-------------------------------------------
     0 | D        | Ankalagon the Demonspawn Monk began the quest for the Orb.
     0 | D        | Reached XP level 1. HP: 18/18 MP: 1/1
     6 | D        | Noticed a boulder beetle
     6 | D        | Noticed a boulder beetle
     9 | D        | Noticed a necrophage
     9 | D        | Noticed a necrophage
     9 | D        | Noticed a necrophage
     9 | D        | Noticed a necrophage
    15 | D        | Killed a necrophage
    16 | D        | Reached skill level 7 in Unarmed Combat
    16 | D        | Gained mutation: A weak demonic guardian rushes to your
                  | aid. [demonic ancestry]
    16 | D        | Reached XP level 2. HP: 24/24 MP: 2/2
    16 | D        | Reached XP level 3. HP: 29/29 MP: 3/3
    22 | D        | Killed a necrophage
    23 | D        | Reached skill level 8 in Unarmed Combat
    23 | D        | Gained mutation: A demonic guardian rushes to your aid.
                  | [demonic ancestry]
    23 | D        | Reached XP level 4. HP: 38/38 MP: 4/4
    25 | D        | Killed a necrophage
    26 | D        | Reached skill level 5 in Fighting
    26 | D        | Reached skill level 5 in Dodging
    26 | D        | Discovered your monstrous ancestry.
    26 | D        | Gained mutation: You have a pair of small antennae on your
                  | head. [demonic ancestry]
    26 | D        | Reached XP level 5. HP: 44/44 MP: 5/5
    31 | D        | Reached skill level 9 in Unarmed Combat
    49 | D        | Killed Menkaure
    50 | D        | Noticed a water moccasin
    53 | D        | Killed a water moccasin
    54 | D        | Gained mutation: Your touch may inflict minor irresistible
                  | damage on your foes. [demonic ancestry]
    54 | D        | Reached XP level 6. HP: 42/53 MP: 6/6
    86 | D        | Found an iron altar of Okawaru.
    86 | D        | Found an opulent altar of Gozag.
    87 | D        | Found a sparkling altar of Nemelex Xobeh.
    87 | D        | Found a blossoming altar of Fedhas.
    88 | D        | Found a radiant altar of Vehumet.
    88 | D        | Found a burning altar of Makhleb.
    89 | D        | Found a hide-covered altar of Uskayaw.
    89 | D        | Found a corrupted altar of Lugonu.
    89 | D        | Found a shadowy altar of Dithmenos.
    90 | D        | Found a bloodstained altar of Trog.
    90 | D        | Found an ancient bone altar of Kikubaaqudgha.
    90 | D        | Found a snail-covered altar of Cheibriados.
    91 | D        | Found a basalt altar of Yredelemnul.
    91 | D        | Found a shimmering blue altar of Sif Muna.
    91 | D        | Found a viscous altar of Jiyva.
    92 | D        | Found a shimmering altar of Xom.
    92 | D        | Found a sacrificial altar of Ru.
    94 | D        | Found an ornate altar of the Wu Jian Council.
    94 | D        | Found a stormy altar of Qazlal.
    94 | D        | Found a hazy altar of Hepliaklqana.
    97 | D        | Noticed a water moccasin
    99 | D        | Noticed a water moccasin
   101 | D        | Noticed a flying skull
   101 | D        | Noticed a flying skull
   102 | D        | Became a worshipper of Qazlal Stormbringer
   102 | D        | Reached * piety under Qazlal
   102 | D        | Reached ** piety under Qazlal
   103 | D        | Noticed a water moccasin
   210 | D        | Found Zopial's Distillery.
   210 | D        | Found Awnu's Book Boutique.
   210 | D        | Found Lumo's Antique Weapon Shop.
   210 | D        | Found Juleopunt's General Store.
   210 | D        | Found Reur's Antique Armour Boutique.
   210 | D        | Found Idaos's Antique Armour Boutique.
   211 | D        | Found Heefowk's Magic Scroll Shop.
   211 | D        | Found Raulac's Jewellery Boutique.
   211 | D        | Found Pasowibb's Distillery.
   258 | D        | Found Ethyirar's Antique Armour Shop.
   258 | D        | Noticed a water moccasin
   258 | D        | Noticed a polar bear
   258 | D        | Noticed a polar bear
   265 | D        | Killed a water moccasin
   268 | D        | Found Qegebb's Antique Armour Boutique.
   268 | D        | Found Nal Qim's Jewellery Shop.
   268 | D        | Noticed an oklob plant
   268 | D        | Noticed a yak
   268 | D        | Noticed a yak
   269 | D        | Found Ubbe's Book Shop.
   269 | D        | Found Faseilim's Jewellery Boutique.
   269 | D        | Found Qiemibal's Book Shoppe.
   269 | D        | Noticed a yak
   274 | D        | Bought a glowing scarf for 248 gold pieces
   284 | D        | Noticed a manticore
   284 | D        | Noticed a manticore
   286 | D        | Bought an ancient leather armour for 196 gold pieces
   286 | D        | Identified the +0 leather armour of the Ant {rPois rN++
                  | Will+ rCorr} (You bought it in a shop in the Dungeon)
   324 | D        | Noticed a polar bear
   324 | D        | Noticed a polar bear
   326 | D        | Noticed a yaktaur
   354 | D        | Shot with a bolt by a yaktaur

Illustrated notes

Levels and vault maps discovered:
D:        the_violet_keep_of_menkaure [sprint2_stairs_cluster_1,
          sprint2_shoproom, sprint2_temple, sprint2_basic_supplies,
          sprint2_obstacle_7, sprint2_obstacle_1, sprint2_obstacle_3,
          sprint2_obstacle_2, sprint2_obstacle_5, sprint2_timed_cluster_1,
          sprint2_smallroom_cluster_1, sprint2_smallroom_final_cluster_1,
          sprint2_transparent_cluster_1, sprint2_second_timed_cluster_1,
          sprint2_sniper_area_1, sprint2_heavy_combat_area_1,
          sprint2_mutation_trap_area_1, sprint2_forest_area_1,
          sprint2_light_combat_area_1, sprint2_behind_water_1,
          sprint2_near_end_vault_1]

Skill      XL: |  1  2  3  4  5  6 |
---------------+-------------------+-----
Unarmed Combat | 7 8 9 |  9.6
Fighting       | 4 5 6 7 |  7.3
Dodging        | 4 5 6 |  6.6
Invocations    | 3 |  3.8
Stealth        | |  1.7

Action                   |  1- 3 |  4- 6 || total
-------------------------+-------+-------++-------
Melee: Unarmed           |    11 |    24 ||    35
       Touch             |       |     4 ||     4
Invok: Upheaval          |       |     3 ||     3
  Use: Potion            |     1 |       ||     1
       Scroll            |       |     1 ||     1
Armor: Robe              |     1 |     1 ||     2
       Leather armour    |       |     4 ||     4
Dodge: Dodged            |     3 |    28 ||    31
Block: Other             |       |     4 ||     4

Table legend: (Time is in decaauts)
 A = Elapsed time spent in this place.
 B = Non-inter-level travel time spent in this place.
 C = Inter-level travel time spent in this place.
 D = Time resting spent in this place.
 E = Time spent auto-exploring this place.
 F = Levels seen in this place.
 G = Mean time per level.
                   A        B        C        D        E       F      G
               +--------+--------+--------+--------+--------+-----+--------+
         Total |    370 |    370 |      0 |    160 |      0 |   1 |  370.0 |
       Dungeon |    370 |    370 |      0 |    160 |      0 |   1 |  370.0 |
               +--------+--------+--------+--------+--------+-----+--------+

Top non-repeatable levels by time:
       D: 370 daAuts
